 Dungeon Crawl Stone Soup version 0.26-a0-689-gc93c913f66 (webtiles) character file.

Game seed: 2617319864665755814

8079 Kinoniko the Cleaver (level 11, 17/100 HPs)
             Began as a Deep Dwarf Berserker on Oct 23, 2020.
             Was an Elder of Trog.
             Quit the game on level 2 of the Abyss.
             The game lasted 00:16:04 (10794 turns).

Kinoniko the Cleaver (Deep Dwarf Berserker)        Turns: 10794, Time: 00:16:05

Health: 17/100     AC: 20    Str: 21    XL:     11   Next: 5%
Magic:  10/10      EV: 14    Int:  6    God:    Trog [****..]
Gold:   803        SH:  0    Dex: 21    Spells: 10/10 levels left

rFire    . . .     SeeInvis .   A - +4 battleaxe
rCold    . . .     Faith    .   (shield currently unavailable)
rNeg     . . .     Spirit   .   F - +0 chain mail
rPois    .         Reflect  .   C - +1 helmet
rElec    .         Harm     .   y - +2 cloak
rCorr    .         Rampage  .   (no gloves)
MR       ++++.                  g - +0 pair of boots
Stlth    ..........             (no amulet)
HPRegen  1.00/turn              b - ring of protection from magic
MPRegen  0.12/turn              G - +6 ring of dexterity

@: berserk cooldown, non-regenerating, slowed, very slow
A: damage resistance, heal wounds, iridescent scales 1, blink, dopey 1, sense
surroundings 2, no regeneration
a: Heal Wounds, Blink, Berserk, Trog's Hand, Brothers in Arms, Renounce Religion


You were on level 2 of the Abyss.
You worshipped Trog.
Trog was greatly pleased with you.
You visited 2 branches of the dungeon, and saw 11 of its levels.
You visited the Abyss 1 time.

You collected 803 gold pieces.

Inventory:

Hand Weapons
 a - a +0 hand axe
 r - a +0 war axe
 A - a +4 battleaxe (weapon)
 P - the +8 hand axe of Indomitability {elec, rC+}
   (You found it on level 9 of the Dungeon)

   Occasionally, upon striking a foe, it will discharge some electrical energy
   and cause terrible harm.
   It protects you from cold.
Armour
 f - a +0 leather armour
 g - a +0 pair of boots (worn)
 y - a +2 cloak (worn)
 B - a +0 ring mail
 C - a +1 helmet (worn)
 E - a +3 ring mail
 F - a +0 chain mail (worn)
Jewellery
 b - a ring of protection from magic (left hand)
 s - an uncursed ring of protection from cold
 D - a +6 ring of intelligence
 G - a +6 ring of dexterity (right hand)
 H - an uncursed ring of stealth
 M - an uncursed ring of see invisible
 O - an uncursed ring of positive energy
Wands
 q - a wand of acid (34)
 t - a wand of flame (30)
 x - a wand of disintegration (7)
 J - a wand of random effects (23)
 L - a wand of iceblast (15)
 N - a wand of paralysis (8)
Scrolls
 c - a scroll of fog
 i - 2 scrolls of amnesia
 j - 6 scrolls of teleportation
 l - 4 scrolls of fear
 m - 5 scrolls of remove curse
 I - a scroll of magic mapping
 Q - 2 scrolls of noise {unknown}
 R - 2 scrolls of identify
Potions
 d - 5 potions of flight
 e - 4 potions of lignification
 h - 2 potions of heal wounds
 k - 2 potions of cancellation
 n - 2 potions of berserk rage
 o - a potion of degeneration
 p - 2 potions of stabbing
 u - 2 potions of ambrosia {unknown}
 v - 5 potions of might
 w - 2 potions of curing
 z - 3 potions of haste
 K - a potion of mutation


   Skills:
 + Level 7.2 Fighting
 * Level 11.6 Axes
 + Level 8.2 Armour
 + Level 8.3 Dodging
 + Level 4.5 Stealth
   Level 2.1 Shields
 + Level 4.2 Evocations


You had 10 spell levels left.
You didn't know any spells.
Your spell library contained the following spells:

 Spells                   Type           Power        Failure   Level
 Apportation              Tloc           #.....       98%         1
 Magic Dart               Conj           #...         98%         1
 Blink                    Tloc           N/A          99%         2
 Call Imp                 Summ           #.......     99%         2
 Slow                     Hex            #.......     99%         2
 Conjure Flame            Conj/Fire      #.......     100%        3
 Lesser Beckoning         Tloc           #.........   100%        3
 Mephitic Cloud           Conj/Pois/Air  #.......     100%        3
 Tukima's Dance           Hex            #.......     100%        3
 Alistair's Intoxication  Tmut/Pois      #........    100%        5
 Invisibility             Hex            #.......     100%        6


Dungeon Overview and Level Annotations

Branches:
Dungeon (10/15)            Temple (0/1) D:5            Lair (1/6) D:8
    Orc: D:9-12

Altars:
Ashenzari
Cheibriados
Dithmenos
Elyvilon
Makhleb
Nemelex Xobeh
Okawaru
Qazlal
Sif Muna
Trog
Uskayaw
Yredelemnul

Annotations:
Lair:1 Sonja


Innate Abilities, Weirdness & Mutations

You are resistant to damage.
You can heal yourself by infusing magical energy.
You passively map the area around you.
You do not regenerate.
You are partially covered in iridescent scales. (AC +2)
You can translocate small distances at will.
You are dopey. (Int -2)


Message History

Sonja hits you with a +3 short sword of distortion.
Space bends around you. Sonja hits you but does no damage.
Space warps horribly around you!
* * * LOW HITPOINT WARNING * * *
Sonja hits you with a +3 short sword of distortion.
Space warps horribly around you!
* * * LOW HITPOINT WARNING * * *
Sonja misses you. Sonja hits you but does no damage.
You blink.
Sonja hits you but does no damage. Space bends around you.
* * * LOW HITPOINT WARNING * * *
Sonja misses you. x2; Sonja hits you but does no damage.
You are cast into the Abyss!
To return, you must find a gate leading back.
Killing monsters will force the Abyss to allow you passage.
This branch contains the abyssal rune of Zot.
Found a potion of lignification.
e - 4 potions of lignification (gained 1) Unknown command.
Unknown command.
Are you sure you want to abandon this character and quit the game? (Confirm with "yes".)

...#... #'#..#.
.....#. .8.....
....... ##
....8..#.
........###
.8........###
.......@....#
.......8......#
.8..##........#
... #.........
.. ......#..# .
##..#.#...#
........#.
.......#.


There were no monsters in sight!

Vanquished Creatures
  Harold (D:7)
  3 two-headed ogres
  An unseen horror (D:10)
  Psyche (D:10)
  An efreet (D:8)
  A slime creature (D:8)
  A vampire (D:10)
  A wraith (D:8)
  3 ice beasts
  2 sky beasts
  2 orc warriors
  An ogre (D:8)
  4 centaurs
  2 big kobolds
  A gnoll sergeant (D:8)
  5 bullfrogs
  4 scorpions
  5 killer bees (D:7)
  8 wights
  8 howler monkeys
  4 hounds
  2 quasits
  2 jellies (D:7)
  4 orc priests
  2 bullfrog skeletons
  A centaur zombie (D:7)
  Crazy Yiuf (D:4)
  7 orc wizards
  Jessica (D:2)
  2 iguanas
  7 worker ants
  2 killer bee zombies
  2 hound zombies (D:5)
  A hound skeleton (D:5)
  11 adders
  4 white imps
  3 ufetubi
  3 oozes
  An adder zombie (D:5)
  2 adder skeletons
  3 worms
  2 dart slugs
  3 leopard geckos
  34 orcs
  12 bats
  5 giant cockroaches
  11 goblins
  10 hobgoblins
  15 jackals
  3 quokkas
  7 frilled lizards
  A jackal zombie (D:7)
  18 kobolds
  A quokka skeleton (D:4)
  13 rats
255 creatures vanquished.

Vanquished Creatures (others)
  An orc warrior (D:8)
  An orc wizard (D:8)
2 creatures vanquished.

Grand Total: 257 creatures vanquished

Notes
Turn   | Place    | Note
-------+----------+-------------------------------------------
     0 | D:1      | Kinoniko the Deep Dwarf Berserker began the quest for the
                  | Orb.
     0 | D:1      | Reached XP level 1. HP: 20/20 MP: 1/1
   440 | D:1      | Reached XP level 2. HP: 14/27 MP: 2/2
   826 | D:1      | Reached XP level 3. HP: 33/33 MP: 3/3
  1135 | D:2      | Reached ** piety under Trog
  1137 | D:2      | Reached skill level 4 in Axes
  1657 | D:2      | Reached XP level 4. HP: 13/42 MP: 4/4
  1768 | D:2      | Noticed Jessica
  1781 | D:2      | Killed Jessica
  2440 | D:3      | Reached XP level 5. HP: 49/49 MP: 5/5
  2704 | D:3      | Reached *** piety under Trog
  3589 | D:4      | Found a runed translucent door.
  3590 | D:4      | Noticed Crazy Yiuf
  3602 | D:4      | Killed Crazy Yiuf
  3602 | D:4      | Reached skill level 5 in Axes
  3949 | D:4      | Found an iron altar of Okawaru.
  4466 | D:5      | Entered Level 5 of the Dungeon
  4466 | D:5      | Found a bloodstained altar of Trog.
  4756 | D:5      | Reached XP level 6. HP: 56/56 MP: 6/6
  5051 | D:5      | Found a white marble altar of Elyvilon.
  5325 | D:5      | Reached skill level 6 in Axes
  5452 | D:5      | Found a shimmering blue altar of Sif Muna.
  5609 | D:5      | Found a staircase to the Ecumenical Temple.
  5713 | D:5      | Reached XP level 7. HP: 64/64 MP: 7/7
  5845 | D:6      | Found a basalt altar of Yredelemnul.
  6182 | D:6      | Identified the +3 mace of Destiny {freeze, Fragile rPois
                  | rF+++ Stlth+}
  6187 | D:6      | Reached skill level 1 in Shields
  6444 | D:6      | Found a shadowy altar of Dithmenos.
  6448 | D:6      | Reached skill level 7 in Axes
  6491 | D:6      | Found a sparkling altar of Nemelex Xobeh.
  6601 | D:6      | Found a broken altar of Ashenzari.
  6761 | D:6      | Found a hide-covered altar of Uskayaw.
  6761 | D:6      | Found a snail-covered altar of Cheibriados.
  6762 | D:6      | Found a burning altar of Makhleb.
  6866 | D:7      | Reached XP level 8. HP: 73/73 MP: 8/8
  6948 | D:7      | Reached skill level 5 in Armour
  6948 | D:7      | Reached skill level 5 in Dodging
  6950 | D:7      | Reached **** piety under Trog
  7296 | D:7      | Reached skill level 5 in Fighting
  7296 | D:7      | Reached skill level 8 in Axes
  7431 | D:7      | Noticed Harold
  7441 | D:7      | Killed Harold
  7441 | D:7      | Reached skill level 9 in Axes
  7441 | D:7      | Gained mutation: You passively map the area around you.
                  | [Deep Dwarf growth]
  7441 | D:7      | Reached XP level 9. HP: 72/81 MP: 9/9
  8119 | D:8      | Gained mutation: You are partially covered in iridescent
                  | scales. (AC +2) [potion of mutation]
  8119 | D:8      | Gained mutation: You are dopey. (Int -2) [potion of
                  | mutation]
  8119 | D:8      | Gained mutation: You can translocate small distances at
                  | will. [potion of mutation]
  8195 | D:8      | Reached skill level 10 in Axes
  8206 | D:8      | Noticed an efreet
  8219 | D:8      | Killed an efreet
  8308 | D:8      | Reached XP level 10. HP: 88/92 MP: 9/9
  8488 | D:8      | Noticed a two-headed ogre
  8498 | D:8      | Killed a two-headed ogre
  8498 | D:8      | Reached skill level 1 in Stealth
  8498 | D:8      | Reached skill level 1 in Evocations
  8651 | D:8      | Identified the +1 robe of Eternal Vigilance {rN+ Int+2}
  8954 | D:8      | Found a staircase to the Lair.
  9109 | D:9      | Noticed a two-headed ogre
  9115 | D:9      | Killed a two-headed ogre
  9172 | D:9      | Reached skill level 11 in Axes
  9298 | D:9      | Got a scorched hand axe
  9299 | D:9      | Identified the +8 hand axe of Indomitability {elec, rC+}
                  | (You found it on level 9 of the Dungeon)
  9365 | D:9      | Found a stormy altar of Qazlal.
  9578 | D:9      | Noticed a two-headed ogre
  9585 | D:9      | Killed a two-headed ogre
  9749 | D:10     | Entered Level 10 of the Dungeon
  9795 | D:10     | Noticed Psyche
  9801 | D:10     | Killed Psyche
 10419 | D:10     | Killed an unseen horror
 10419 | D:10     | Reached XP level 11. HP: 73/100 MP: 10/10
 10720 | Lair:1   | Entered Level 1 of the Lair of Beasts
 10775 | Lair:1   | Noticed Sonja
 10791 | Lair:1   | Cast into level 2 of the Abyss (Sonja)
 10794 | Abyss:2  | Quit the game

Illustrated notes

Levels and vault maps discovered:
D:1:      dpeg_cavernosity, layout_basic, hangedman_glass_teeth
D:2:      layout_loops_corners, uniq_jessica
D:3:      layout_basic, eino_tiny_chamber, minmay_misc_feat_ornament
D:4:      layout_basic, lemuel_doored_altar, uniq_crazy_yiuf_cottage
D:5:      layout_cave_pods, lemuel_round_altar, bloody_trog, elyvilon_altar_4,
          minmay_temple_entry_trees
D:6:      layout_loops_ring, nicolae_overflow_hidden_temple,
          amethyst_overflow_temple_binary, yredelemnul_altar_generic
D:7:      layout_loops_ring, uniq_harold
D:8:      minmay_the_grid_four_pointed_star [minmay_the_grid_triangle_9x9_alien,
          minmay_the_grid_triangle_9x9_stretched_checkered,
          minmay_the_grid_triangle_9x9_longest,
          minmay_the_grid_triangle_9x9_dagger,
          minmay_the_grid_prize_four_corners], layout_loops_corners,
          lair_entry_dummy
D:9:      layout_cave_pools, nicolae_qazlal_eye_of_the_storm, evilmike_butchery
D:10:     layout_irregular_city, uniq_psyche
Lair:1:   layout_cave_pods, grunt_megastairs_3, minmay_lair_oklob_chamber,
          uniq_sonja
Abyss:2:  base:
D:13

Skill      XL: |  1  2  3  4  5  6  7  8  9 10 |
---------------+-------------------------------+-----
Fighting       | 3 4 5 6 7 |  7.2
Axes           | 4 5 6 7 9 10 11 | 11.6
Armour         | 3 4 6 7 8 |  8.2
Dodging        | 3 4 6 7 8 |  8.3
Shields        | 2 |  2.1
Stealth        | 4 |  4.5
Evocations     | 4 |  4.2

Action                   |  1- 3 |  4- 6 |  7- 9 | 10-12 || total
-------------------------+-------+-------+-------+-------++-------
Melee: Hand axe          |   116 |    60 |       |       ||   176
       War axe           |       |   194 |    58 |       ||   252
       Battleaxe         |       |       |   210 |   139 ||   349
Invok: Berserk           |     7 |    21 |    19 |    15 ||    62
       Trog's Hand       |       |     3 |     7 |     9 ||    19
 Abil: Heal Wounds       |     1 |     1 |     3 |       ||     5
  Use: Scroll            |       |     9 |     8 |     5 ||    22
       Potion            |       |       |     2 |     1 ||     3
 Stab: Sleeping          |     1 |     1 |       |       ||     2
       Invisible         |       |     2 |       |       ||     2
Armor: Animal skin       |     5 |       |       |       ||     5
       Leather armour    |    27 |    43 |       |       ||    70
       Ring mail         |       |    17 |       |       ||    17
       Chain mail        |       |     1 |   179 |    93 ||   273
Dodge: Dodged            |    70 |   149 |   162 |    86 ||   467
Block: Tower shield      |       |    63 |    34 |       ||    97

Table legend: (Time is in decaauts)
 A = Elapsed time spent in this place.
 B = Non-inter-level travel time spent in this place.
 C = Inter-level travel time spent in this place.
 D = Time resting spent in this place.
 E = Time spent auto-exploring this place.
 F = Levels seen in this place.
 G = Mean time per level.
                   A        B        C        D        E       F      G
               +--------+--------+--------+--------+--------+-----+--------+
         Total |  11535 |  11094 |    441 |   3133 |   6079 |  12 |  961.2 |
       Dungeon |  11455 |  11014 |    441 |   3133 |   6025 |  10 | 1145.5 |
          Lair |     75 |     75 |      0 |      0 |     54 |   1 |   75.0 |
         Abyss |      4 |      4 |      0 |      0 |      0 |   1 |    4.0 |
               +--------+--------+--------+--------+--------+-----+--------+

Top non-repeatable levels by time:
     D:8: 1443 daAuts
     D:4: 1431 daAuts
     D:2: 1281 daAuts
     D:3: 1169 daAuts
     D:5: 1161 daAuts
     D:6: 1155 daAuts
     D:1: 1093 daAuts
     D:7: 1013 daAuts
    D:10: 990 daAuts
     D:9: 715 daAuts
  Lair:1: 75 daAuts
 Abyss:2: 4 daAuts
